 Dungeon Crawl Stone Soup version 0.20-a0-556-g892c87b (webtiles) character file.

1098 TuxedoFelix the Cleaver (level 8, -1/70 HPs)
             Began as a Minotaur Berserker on Feb 4, 2017.
             Was a Priest of Trog.
             Slain by a two-headed ogre
             ... wielding a +0 giant club
              (13 damage)
             ... on level 5 of the Dungeon.
             The game lasted 00:17:36 (3707 turns).

TuxedoFelix the Cleaver (Minotaur Berserker)        Turns: 3707, Time: 00:17:37

Health: -1/70      AC: 12    Str: 24    XL:     8   Next: 10%
Magic:  7/7        EV: 12    Int:  4    God:    Trog [***...]
Gold:   209        SH:  0    Dex: 10    Spells: 7/7 levels left

rFire    . . .     SeeInvis .   h - +5 hand axe (venom)
rCold    . . .     Gourm    .   f - +5 scale mail
rNeg     . . .     Faith    .   (no shield)
rPois    .         Spirit   .   (helmet restricted)
rElec    .         Reflect  .   (no cloak)
rCorr    .         Harm     .   (no gloves)
MR       ++...     Rnd*Tele +   (no boots)
Stlth    ..........             (no amulet)
Regen    1.3/turn               r - ring of loudness (curse)
                                l - ring of teleportation (curse)

@: regenerating
A: retaliatory headbutt, horns 2
a: Berserk, Trog's Hand, Burn Spellbooks, Renounce Religion


You were on level 5 of the Dungeon.
You worshipped Trog.
Trog was most pleased with you.
You were not hungry.

You visited 1 branch of the dungeon, and saw 5 of its levels.

You collected 209 gold pieces.

Inventory:

Hand Weapons
 h - a +5 hand axe of venom (weapon)
 o - a +0 war axe
Armour
 f - a +5 scale mail (worn)
Jewellery
 l - a cursed ring of teleportation (left hand)
 r - a cursed ring of loudness (right hand)
Wands
 x - a wand of lightning (7/15)
Scrolls
 a - a scroll of teleportation
 b - a scroll of amnesia
 v - a scroll of identify
Potions
 d - a potion of beneficial mutation {unknown}
 e - a potion of invisibility {unknown}
 g - a potion of heal wounds {unknown}
 j - a potion of might {unknown}
 k - 4 potions of curing {unknown}
 n - 2 potions of agility {unknown}
 p - a potion of resistance {unknown}
 q - a potion of brilliance {unknown}
 s - 2 potions of haste {unknown}
 t - 2 potions of mutation {unknown}
 u - a potion of degeneration {unknown}
 w - a potion of ambrosia {unknown}
Comestibles
 c - 4 bread rations
 i - 8 fruits
 m - a meat ration
 z - 5 chunks of flesh


   Skills:
 + Level 6.3 Fighting
 * Level 8.1 Axes
 + Level 5.3 Armour
 + Level 5.2 Dodging


You had 7 spell levels left.
You didn't know any spells.

Dungeon Overview and Level Annotations

Branches:
Dungeon (5/15)
 Temple: D:4-7

Altars:
Fedhas
Okawaru

Portals:
Sewer: D:5


Innate Abilities, Weirdness & Mutations

You reflexively headbutt those who attack you in melee.
You have a pair of horns on your head.


Message History

You hit the two-headed ogre. You headbutt the two-headed ogre!
The two-headed ogre is moderately wounded.
You barely miss the two-headed ogre.
The two-headed ogre is moderately wounded.
The two-headed ogre closely misses you. x2
You hit the two-headed ogre.
The two-headed ogre looks as sick as possible!
The two-headed ogre is moderately wounded.
You hit the two-headed ogre.
The two-headed ogre looks as sick as possible!
The two-headed ogre is heavily wounded.
The two-headed ogre hits you with a giant club!
The two-headed ogre hits you with a giant spiked club!!
Your skin crawls.
You feel resistant to hostile enchantments.
You feel somewhat more hungry.
The two-headed ogre hits you with a giant club!!
* * * LOW HITPOINT WARNING * * *
The two-headed ogre hits you with a giant spiked club!
You die...

###...>....
###.########..#.......
...≈≈≈≈∩#............
/..≈≈≈≈#....#.......
#..≈≈≈≈#.#.#........
!...≈≈#.#.##.#(#.#.
....≈#.####..##.##
#O†# #..# #..##.## #@#
##[###..##.## #.#
#..##..##<## ######'##
##.##..##.# #.......#
#.##..##.## #%..%...#
###........ .
#.......#
#.......##...
#.......# #..(....#
... #.......#
#.......# .. ######'##
####....# #


You could see a two-headed ogre.

Vanquished Creatures
  Pikel (D:4)
  A slave (D:4)
  A black bear (D:5)
  A howler monkey (D:5)
  A crimson imp (D:5)
  Crazy Yiuf (D:2)
  A centaur zombie (D:5)
  A bullfrog skeleton (D:4)
  3 worker ants
  Natasha (thrice) (D:2)
  A hound skeleton (D:5)
  2 gnolls (D:4)
  11 adders
  A river rat (D:5)
  2 worms
  6 dart slugs
  6 leopard geckos
  6 orcs
  3 ball pythons
  A giant cockroach (D:2)
  7 hobgoblins
  5 jackals
  7 kobolds
  4 quokkas
  7 bats
  4 frilled lizards
  5 goblins
  A quokka skeleton (D:4)
  15 rats
108 creatures vanquished.

Notes
Turn   | Place    | Note
-------+----------+-------------------------------------------
     0 | D:1      | TuxedoFelix the Minotaur Berserker began the quest for the Orb.
     0 | D:1      | Reached XP level 1. HP: 19/19 MP: 0/0
   247 | D:1      | Reached skill level 4 in Axes
   253 | D:1      | Reached XP level 2. HP: 13/27 MP: 1/1
   773 | D:1      | Reached XP level 3. HP: 28/33 MP: 2/2
   851 | D:2      | Reached ** piety under Trog
  1082 | D:2      | Noticed Natasha
  1085 | D:2      | Reached XP level 4. HP: 31/41 MP: 3/3
  1087 | D:2      | Killed Natasha
  1313 | D:2      | Noticed Natasha
  1320 | D:2      | Killed Natasha
  1320 | D:2      | Reached skill level 5 in Axes
  1372 | D:2      | Found a runed door.
  1376 | D:2      | Noticed Crazy Yiuf
  1381 | D:2      | Killed Crazy Yiuf
  1381 | D:2      | Reached XP level 5. HP: 40/47 MP: 4/4
  1427 | D:2      | Noticed Natasha
  1434 | D:2      | Killed Natasha
  1701 | D:3      | Reached skill level 5 in Fighting
  1838 | D:3      | Reached *** piety under Trog
  2221 | D:3      | Reached XP level 6. HP: 49/56 MP: 5/5
  2290 | D:3      | Found a blossoming altar of Fedhas.
  2533 | D:4      | Found an iron altar of Okawaru.
  2539 | D:4      | Reached skill level 6 in Axes
  2903 | D:4      | Noticed a slave
  2903 | D:4      | Noticed a slave
  2903 | D:4      | Noticed a slave
  2904 | D:4      | Noticed Pikel
  2912 | D:4      | Killed a slave
  2918 | D:4      | Killed Pikel
  2918 | D:4      | Reached skill level 7 in Axes
  2918 | D:4      | Reached skill level 5 in Armour
  2918 | D:4      | Reached XP level 7. HP: 62/62 MP: 6/6
  3494 | D:5      | Entered Level 5 of the Dungeon
  3553 | D:5      | Reached skill level 5 in Dodging
  3594 | D:5      | Reached skill level 8 in Axes
  3594 | D:5      | Reached XP level 8. HP: 60/70 MP: 7/7
  3698 | D:5      | Found a glowing drain.
  3698 | D:5      | Noticed a two-headed ogre
  3707 | D:5      | Slain by a two-headed ogre

Vault maps used:
D:1:      ncdulo_smallfort, hangedman_abyss_or_decor_lesser_grid
D:2:      uniq_natasha, uniq_crazy_yiuf_cottage
D:3:      first_bread, fedhas_altar_2
D:4:      okawaru_altar_gauntlet_db, uniq_pikel
D:5:      portal_sewer_entry_b, st_stairs_4

Skill      XL: |  1  2  3  4  5  6  7 |
---------------+----------------------+-----
Axes           | 4 5 7 8 |  8.1
Fighting       | 4 5 6 |  6.3
Armour         | 3 5 |  5.3
Dodging        | 3 4 5 |  5.2

Action                   |  1- 3 |  4- 6 |  7- 9 || total
-------------------------+-------+-------+-------++-------
Melee: Hand axe          |    69 |   109 |    30 ||   208
       Headbutt          |     7 |    17 |     6 ||    30
Invok: Trog's Hand       |       |     1 |     1 ||     2
       Berserk           |       |     1 |       ||     1
  Use: Scroll            |     7 |     6 |     1 ||    14
  Eat: Chunk             |     1 |     4 |       ||     5
       Bread ration      |       |     2 |       ||     2
Armor: Animal skin       |     5 |       |       ||     5
       Scale mail        |    17 |    51 |    13 ||    81
Dodge: Dodged            |    52 |    59 |    21 ||   132
